 Dungeon Crawl Stone Soup version 0.22-a0-348-gd16d1391c7 (webtiles) character file.

39 Laan the Chopper (level 3, -1/33 HPs)
             Began as a Hill Orc Monk on Apr 12, 2018.
             Killed by nerve-wracking pain
             ... invoked by Jessica
              (13 damage)
             ... on level 1 of the Dungeon.
             The game lasted 00:01:36 (878 turns).

Laan the Chopper (Hill Orc Monk)                     Turns: 878, Time: 00:01:37

Health: -1/33      AC:  7    Str: 14    XL:     3   Next: 47%
Magic:  12/12      EV: 10    Int: 10    God:
Gold:   45         SH:  3    Dex: 13    Spells: 2/2 levels left

rFire    . . .     SeeInvis .   a - +0 hand axe
rCold    . . .     Gourm    .   k - +0 buckler
rNeg     . . .     Faith    .   d - +0 ring mail
rPois    .         Spirit   .   (no helmet)
rElec    .         Reflect  .   (no cloak)
rCorr    .         Harm     .   j - +1 pair of gloves
MR       .....                  (no boots)
Stlth    +.........             (no amulet)
HPRegen  0.11/turn              f - ring of magical power
MPRegen  0.13/turn              (no ring)

@: slowed, very slow
A: no striking features
a: no special abilities


You were on level 1 of the Dungeon.
You were not hungry.

You visited 1 branch of the dungeon, and saw 2 of its levels.

You collected 45 gold pieces.

Inventory:

Hand Weapons
 a - a +0 hand axe (weapon)
Missiles
 e - 5 tomahawks (quivered)
Armour
 d - a +0 ring mail (worn)
 j - a +1 pair of gloves (worn)
 k - a +0 buckler (worn)
Jewellery
 f - a ring of magical power (left hand)
Scrolls
 b - 4 scrolls of teleportation {unknown}
 h - a scroll of enchant weapon {unknown}
 i - 3 scrolls of remove curse {unknown}
Comestibles
 c - 2 rations
 g - 2 chunks of flesh


   Skills:
 + Level 4.1 Fighting
 * Level 5.1 Axes
 + Level 1.1 Armour
 - Level 2.4 Dodging
 - Level 1.5 Stealth
 + Level 0.2 Shields


You had 2 spell levels left.
You didn't know any spells.

Dungeon Overview and Level Annotations

Branches:
Dungeon (2/15)

Altars:

Annotations:
D:1 Jessica


Message History

You closely miss Jessica.
Jessica is almost dead.
Jessica hits you with a club.
You closely miss Jessica.
Jessica is almost dead.
Jessica hits you but does no damage. Jessica casts a spell at you.
You feel yourself slow down.
You closely miss Jessica.
Jessica is almost dead.
Jessica hits you with a club. Jessica gestures at you while chanting.
You barely resist. You closely miss Jessica.
Jessica is almost dead.
Jessica gestures wildly while chanting.
Jessica blinks!
Jessica hits you but does no damage. Jessica casts a spell at you.
Pain shoots through your body!
You die...

##########.........#
#........#.........#######
#...(....#...............#
#...................####.#
#..........####.....# #.#
#...................# #.#
#..........#####....####.#
#........@................
#.)......@######....####.#
####...........#....##....
#...........###...'.)..
#...........# #.###[...
#...........###.###....
#......................
#...............###....
#........(......# #....
##'####+#........# #####


You could see Jessica.

Vanquished Creatures
  A gnoll (D:2)
  A dart slug (D:1)
  A leopard gecko (D:1)
  3 giant cockroaches (D:1)
  3 hobgoblins (D:1)
  4 jackals (D:1)
  3 bats (D:1)
  A frilled lizard (D:1)
  3 goblins (D:1)
  3 kobolds (D:1)
  2 rats (D:1)
25 creatures vanquished.

Notes
Turn   | Place    | Note
-------+----------+-------------------------------------------
     0 | D:1      | Laan the Hill Orc Monk began the quest for the Orb.
     0 | D:1      | Reached XP level 1. HP: 19/19 MP: 1/1
    90 | D:1      | Reached XP level 2. HP: 17/27 MP: 2/2
   555 | D:1      | Reached XP level 3. HP: 27/33 MP: 3/3
   569 | D:1      | Reached skill level 5 in Axes
   569 | D:1      | Reached skill level 1 in Armour
   845 | D:2      | Noticed Jessica
   878 | D:1      | Killed from afar by Jessica

Vault maps used:
D:1:      dpeg_arrival_tiny_g
D:2:      serial_bayou_pond_a, uniq_jessica

Skill      XL: |  1  2  3 |
---------------+----------+-----
Fighting       | 4 |  4.1
Axes           | 5 |  5.1
Armour         | 1 |  1.1
Dodging        | |  2.4
Stealth        | |  1.5
Shields        | |  0.2

Action                   || total
-------------------------++-------
Melee: Hand axe          ||    90
Armor: Robe              ||     9
       Ring mail         ||    47
Dodge: Dodged            ||    89

Table legend:
 A = Spawn XP
 B = Non-spawn XP
 C = Spawn XP percentage of total XP
 D = Spawn monster count
 E = Non-spawn monster count
 F = Spawn count percentage of total count
 G = Total turns spent on level
                    A         B        C        D         E        F      G
               +---------+---------+-------+---------+---------+-------+---------
         Total |       0 |      57 |   0.0 |       0 |      25 |   0.0 |   878
               +---------+---------+-------+---------+---------+-------+---------
           D:1 |       0 |      43 |   0.0 |       0 |      24 |   0.0 |   844
           D:2 |       0 |      14 |   0.0 |       0 |       1 |   0.0 |    34
               +---------+---------+-------+---------+---------+-------+---------
